[Event "41st Jacques-Lemans-Open 2022"]
[Site "St. Veit/Glan"]
[Date "2022.07.14"]
[Round "7.32"]
[White "Wendl, Philipp"]
[Black "Hafner, Robert"]
[Result "1-0"]
[ECO "D18"]
[WhiteElo "2097"]
[BlackElo "1933"]
[Annotator "ChessBase"]
[PlyCount "97"]
[EventDate "2022.07.09"]
[EventType "swiss"]
[EventCountry "AUT"]
[SourceTitle "playchess.com"]
[Source "ChessBase"]
[SourceQuality "1"]
[TimeControl "40/5400+30:1800+30"]

1. d4 d5 2. c4 c6 3. Nc3 Nf6 4. Nf3 dxc4 5. a4 Bf5 6. e3 e6 7. Bxc4 Bb4 8. O-O Nbd7 9. Nh4 O-O 10. Nxf5 exf5 11. Qb3 Qb6 12. Rd1 a5 13. Bd2 g6 14. Ne2 Bxd2 15. Rxd2 Qxb3 16. Bxb3 Nb6 17. Nf4 Rfd8 18. Nd3 Nbd5 19. Re1 Rac8 20. Rdd1 Rc7 21. f3 Re7 22. Ne5 Rde8 23. Rc1 Nb4 24. Red1 Nd7 25. Nc4 b6 26. Nd6 Rd8 27. e4 fxe4 28. fxe4 Kg7 29. Rd2 f6 30. Re1 Nf8 31. Nc4 Nd7 32. Nd6 Nf8 33. Nc4 Nd7 34. e5 fxe5 35. dxe5 Rf8 36. Bd1 Nd5 37. Bf3 Rf4 38. b3 Nc5 39. Bxd5 cxd5 40. Rxd5 Nxb3 41. Nxb6 Rb4 42. Rd6 Rd4 43. Nd5 Re8 44. Rd7+ Kh6 45. e6 Nc5 46. Rxh7+ Kxh7 47. Nf6+ Kh6 48. Nxe8 Rxa4 49. Nf6 1-0

[Event "41st Jacques-Lemans-Open 2022"]
[Site "St. Veit/Glan"]
[Date "2022.07.14"]
[Round "7.33"]
[White "Rempe, Jonas"]
[Black "Guetz, Wolfgang"]
[Result "1/2-1/2"]
[ECO "B01"]
[WhiteElo "1861"]
[BlackElo "2034"]
[Annotator "ChessBase"]
[PlyCount "39"]
[EventDate "2022.07.09"]
[EventType "swiss"]
[EventCountry "AUT"]
[SourceTitle "playchess.com"]
[Source "ChessBase"]
[SourceQuality "1"]
[TimeControl "40/5400+30:1800+30"]

1. e4 d5 2. exd5 Nf6 3. Nf3 Nxd5 4. d4 Bf5 5. c4 Nb6 6. Nc3 e6 7. Be3 Be7 8. Bd3 Bxd3 9. Qxd3 c5 10. Rd1 Nc6 11. O-O O-O 12. Qe2 cxd4 13. Nxd4 Qc8 14. b3 Bf6 15. Ne4 Bxd4 16. Bxd4 Nxd4 17. Rxd4 Rd8 18. Rfd1 Rxd4 19. Rxd4 Qc7 20. Qd2 1/2-1/2

[Event "41st Jacques-Lemans-Open 2022"]
[Site "St. Veit/Glan"]
[Date "2022.07.14"]
[Round "7.34"]
[White "Higatsberger, Michael"]
[Black "Navaratnam, Ishaan Quan Tze"]
[Result "1-0"]
[ECO "B30"]
[WhiteElo "2021"]
[BlackElo "1409"]
[Annotator "ChessBase"]
[PlyCount "101"]
[EventDate "2022.07.09"]
[EventType "swiss"]
[EventCountry "AUT"]
[SourceTitle "playchess.com"]
[Source "ChessBase"]
[SourceQuality "1"]
[TimeControl "40/5400+30:1800+30"]

1. e4 c5 2. Nf3 Nc6 3. Bb5 Nf6 4. Bxc6 dxc6 5. d3 Bg4 6. Nbd2 Nd7 7. h3 Bh5 8. g4 Bg6 9. Nc4 Qc7 10. a4 a5 11. Be3 e5 12. Nh4 f6 13. Nxg6 hxg6 14. h4 Be7 15. Qf3 b5 16. Nd2 Nf8 17. h5 g5 18. Nb3 Ne6 19. Qf5 Nd4 20. Bxd4 cxd4 21. Qg6+ Kf8 22. h6 Rxh6 23. Rxh6 gxh6 24. Qxh6+ Kf7 25. Qh7+ Ke6 26. Ke2 c5 27. Qf5+ Kd6 28. axb5 Qb6 29. Nd2 Qxb5 30. Nc4+ Kc7 31. Qe6 Bd8 32. Qd6+ Kc8 33. Rh1 Ra6 34. Qf8 Qc6 35. Rh7 Qe6 36. f3 Qc6 37. Kd2 a4 38. Kc1 Rb6 39. Nxb6+ Qxb6 40. Rh8 Qa5 41. Kb1 a3 42. bxa3 Qb6+ 43. Kc1 Qa5 44. Qxd8+ Qxd8 45. Rxd8+ Kxd8 46. Kb2 Kc7 47. Kb3 Kb6 48. Kc4 Ka5 49. Kxc5 Ka4 50. Kc4 Kxa3 51. c3 1-0

[Event "41st Jacques-Lemans-Open 2022"]
[Site "St. Veit/Glan"]
[Date "2022.07.14"]
[Round "7.35"]
[White "Elpons, Walter"]
[Black "Wallner, Dieter"]
[Result "0-1"]
[ECO "D00"]
[WhiteElo "1952"]
[BlackElo "2018"]
[Annotator "ChessBase"]
[PlyCount "28"]
[EventDate "2022.07.09"]
[EventType "swiss"]
[EventCountry "AUT"]
[SourceTitle "playchess.com"]
[Source "ChessBase"]
[SourceQuality "1"]
[TimeControl "40/5400+30:1800+30"]

1. d4 d5 2. Bf4 c5 3. e3 cxd4 4. exd4 Nc6 5. c3 f6 6. Bd3 e5 7. Qh5+ g6 8. Bxg6+ hxg6 9. Qxh8 exf4 10. Qxg8 Qe7+ 11. Kd2 Bf5 12. Qxd5 Nxd4 13. Nf3 Qe2+ 14. Kc1 Qc2# 0-1

[Event "41st Jacques-Lemans-Open 2022"]
[Site "St. Veit/Glan"]
[Date "2022.07.14"]
[Round "7.36"]
[White "Fuchs, Patrick"]
[Black "Markun, Ozbej"]
[Result "1-0"]
[ECO "B52"]
[WhiteElo "1990"]
[BlackElo "1915"]
[Annotator "ChessBase"]
[PlyCount "79"]
[EventDate "2022.07.09"]
[EventType "swiss"]
[EventCountry "AUT"]
[SourceTitle "playchess.com"]
[Source "ChessBase"]
[SourceQuality "1"]
[TimeControl "40/5400+30:1800+30"]

1. e4 c5 2. Nf3 d6 3. Bb5+ Bd7 4. Bxd7+ Nxd7 5. O-O Ngf6 6. Qe2 e6 7. c4 Be7 8. Nc3 O-O 9. d4 cxd4 10. Nxd4 a6 11. b3 Qa5 12. Bb2 Rac8 13. Rac1 Rfe8 14. Kh1 Bf8 15. f3 Rc7 16. Rfd1 g6 17. Na4 Qh5 18. Re1 Bh6 19. Rcd1 Bf4 20. g4 Qh4 21. Bc1 Bxc1 22. Rxc1 h5 23. Rg1 hxg4 24. fxg4 Qg5 25. Nc3 d5 26. Nf3 Qf4 27. exd5 exd5 28. Nxd5 Rxe2 29. Nxf4 Rxa2 30. g5 Ne4 31. Rg2 Rxg2 32. Kxg2 Nb6 33. Re1 Nd6 34. Rd1 Nf5 35. Rd8+ Kg7 36. Ne5 Ne7 37. Rd6 Nbc8 38. Rf6 Ng8 39. Nd5 Rc5 40. Rxf7+ 1-0

[Event "41st Jacques-Lemans-Open 2022"]
[Site "St. Veit/Glan"]
[Date "2022.07.15"]
[Round "8.1"]
[White "Bosiocic, Marin"]
[Black "Gschiel, Alexander"]
[Result "1-0"]
[ECO "A06"]
[WhiteElo "2549"]
[BlackElo "2215"]
[Annotator "ChessBase"]
[PlyCount "87"]
[EventDate "2022.07.09"]
[EventType "swiss"]
[EventCountry "AUT"]
[SourceTitle "playchess.com"]
[Source "ChessBase"]
[SourceQuality "1"]
[TimeControl "40/5400+30:1800+30"]

1. Nf3 d5 2. g3 Nf6 3. Bg2 e6 4. O-O Be7 5. c4 O-O 6. b3 d4 7. e3 c5 8. Ne5 Qc7 9. f4 Nbd7 10. Nd3 e5 11. Bb2 Re8 12. g4 exf4 13. g5 fxe3 14. dxe3 Ne4 15. Bxe4 Bxg5 16. Bd5 Bxe3+ 17. Kh1 Nf6 18. Rxf6 gxf6 19. Qf3 Bg5 20. Nd2 Re3 21. Qf2 Bg4 22. Rg1 h5 23. Ne4 Rxd3 24. Nxf6+ Bxf6 25. Qxf6 Rh3 26. Qg6+ Kf8 27. Qh6+ Ke7 28. Qd2 Qe5 29. Rf1 f6 30. Ba3 Rc8 31. Bxb7 Rc7 32. Bd5 Kd6 33. Bc1 Re7 34. b4 Qe3 35. bxc5+ Kd7 36. Qb2 Bf3+ 37. Bxf3 Qe5 38. Qb7+ Kd8 39. Qa8+ Kc7 40. Qxa7+ Kd8 41. Qa8+ Kc7 42. Bf4 Qxf4 43. Qa5+ Kb8 44. Qd8+ 1-0

[Event "41st Jacques-Lemans-Open 2022"]
[Site "St. Veit/Glan"]
[Date "2022.07.15"]
[Round "8.2"]
[White "Vojinov, Danijel"]
[Black "Windhager, Hannes"]
[Result "1/2-1/2"]
[ECO "A00"]
[WhiteElo "2201"]
[BlackElo "2244"]
[Annotator "ChessBase"]
[PlyCount "108"]
[EventDate "2022.07.09"]
[EventType "swiss"]
[EventCountry "AUT"]
[SourceTitle "playchess.com"]
[Source "ChessBase"]
[SourceQuality "1"]
[TimeControl "40/5400+30:1800+30"]

1. b4 e5 2. Bb2 Bxb4 3. Bxe5 Nf6 4. c3 Be7 5. d4 d5 6. Bxf6 Bxf6 7. e3 c5 8. Bd3 Nc6 9. Nd2 c4 10. Bc2 b5 11. Qf3 a5 12. Ne2 Ra6 13. e4 Bg5 14. exd5 Bxd2+ 15. Kxd2 Ne7 16. Rhe1 O-O 17. Nf4 b4 18. Rab1 Rd6 19. Re5 Bb7 20. Qe4 f5 21. Qe2 Nxd5 22. Nxd5 Bxd5 23. f4 Bf7 24. Qe3 Qa8 25. Bxf5 Qxg2+ 26. Qe2 Qxe2+ 27. Rxe2 Bd5 28. Be4 Rxf4 29. Bxd5+ Rxd5 30. cxb4 Rdxd4+ 31. Kc2 axb4 32. Rxb4 h5 33. a4 Rf3 34. Rb5 Ra3 35. Re8+ Kf7 36. Ra8 c3 37. Ra7+ Kg8 38. Rb3 Raxa4 39. Rxa4 Rxa4 40. Kxc3 Re4 41. Kd3 Re5 42. h4 Kf7 43. Rb6 Ra5 44. Ke4 Ra4+ 45. Kf5 Rg4 46. Rb7+ Kg8 47. Re7 Rxh4 48. Kg6 Kf8 49. Rf7+ Ke8 50. Rf1 Rg4+ 51. Kxh5 Rg2 52. Kh4 Ke7 53. Kh3 Ra2 54. Kg3 Ra3+ 1/2-1/2

[Event "41st Jacques-Lemans-Open 2022"]
[Site "St. Veit/Glan"]
[Date "2022.07.15"]
[Round "8.3"]
[White "Koelber, Daniel"]
[Black "Hechl, Gerald"]
[Result "1/2-1/2"]
[ECO "B12"]
[WhiteElo "2176"]
[BlackElo "2222"]
[Annotator "ChessBase"]
[PlyCount "27"]
[EventDate "2022.07.09"]
[EventType "swiss"]
[EventCountry "AUT"]
[SourceTitle "playchess.com"]
[Source "ChessBase"]
[SourceQuality "1"]
[TimeControl "40/5400+30:1800+30"]

1. e4 c6 2. d4 d5 3. e5 Bf5 4. Nf3 e6 5. Be2 Bb4+ 6. c3 Ba5 7. O-O Nd7 8. Nbd2 Bc7 9. Re1 h6 10. Nb3 Ne7 11. Bf4 g5 12. Bg3 Ng6 13. Nfd2 Qe7 14. c4 1/2-1/2

[Event "41st Jacques-Lemans-Open 2022"]
[Site "St. Veit/Glan"]
[Date "2022.07.15"]
[Round "8.4"]
[White "Feinig, Mario"]
[Black "Fahrner, Kurt"]
[Result "1-0"]
[ECO "B06"]
[WhiteElo "2141"]
[BlackElo "2331"]
[Annotator "ChessBase"]
[PlyCount "43"]
[EventDate "2022.07.09"]
[EventType "swiss"]
[EventCountry "AUT"]
[SourceTitle "playchess.com"]
[Source "ChessBase"]
[SourceQuality "1"]
[TimeControl "40/5400+30:1800+30"]

1. e4 g6 2. d4 Bg7 3. Nc3 c6 4. h3 d6 5. Be3 Nf6 6. f4 Qa5 7. Bd3 Nbd7 8. Nf3 O-O 9. O-O e5 10. Qe1 Nh5 11. dxe5 dxe5 12. f5 Nc5 13. Bc4 Qb4 14. b3 Nd7 15. fxg6 hxg6 16. Ng5 Bf6 17. a3 Qe7 18. Qh4 Kg7 19. g4 Rh8 20. gxh5 Rxh5 21. Qg3 Nb6 22. Rxf6 1-0

[Event "41st Jacques-Lemans-Open 2022"]
[Site "St. Veit/Glan"]
[Date "2022.07.15"]
[Round "8.5"]
[White "Praznik, Niko"]
[Black "Riemelmoser, Franz"]
[Result "1-0"]
[ECO "C16"]
[WhiteElo "2325"]
[BlackElo "2237"]
[Annotator "ChessBase"]
[PlyCount "69"]
[EventDate "2022.07.09"]
[EventType "swiss"]
[EventCountry "AUT"]
[SourceTitle "playchess.com"]
[Source "ChessBase"]
[SourceQuality "1"]
[TimeControl "40/5400+30:1800+30"]

1. e4 e6 2. d4 d5 3. Nc3 Bb4 4. e5 Qd7 5. a3 Bf8 6. Nf3 b6 7. b4 c6 8. Rb1 Ne7 9. Bd3 Ba6 10. b5 cxb5 11. Nxb5 Nec6 12. O-O Be7 13. c3 Bxb5 14. Bxb5 a6 15. Bd3 Qa7 16. Ng5 h6 17. Nh3 Nd7 18. Qg4 Bf8 19. f4 b5 20. Kh1 g6 21. Bxg6 fxg6 22. Qxg6+ Kd8 23. Qxe6 Kc7 24. Qxd5 Rd8 25. Qf7 Kb8 26. f5 Nb6 27. Qf6 Bd6 28. exd6 Nd5 29. Qh4 Nxc3 30. Rb3 Nd5 31. f6 Qf7 32. Rg3 Rhg8 33. Rxg8 Rxg8 34. Qxh6 Rg6 35. Qxg6 1-0

[Event "41st Jacques-Lemans-Open 2022"]
[Site "St. Veit/Glan"]
[Date "2022.07.15"]
[Round "8.6"]
[White "Navaratnam, Rohan Shan Tze"]
[Black "Schernthaner, David"]
[Result "1/2-1/2"]
[ECO "A04"]
[WhiteElo "2071"]
[BlackElo "2319"]
[Annotator "ChessBase"]
[PlyCount "55"]
[EventDate "2022.07.09"]
[EventType "swiss"]
[EventCountry "AUT"]
[SourceTitle "playchess.com"]
[Source "ChessBase"]
[SourceQuality "1"]
[TimeControl "40/5400+30:1800+30"]

1. Nf3 c5 2. c4 Nc6 3. Nc3 e5 4. e3 Nf6 5. d4 e4 6. Ng5 cxd4 7. exd4 Bb4 8. d5 Bxc3+ 9. bxc3 Ne7 10. Qc2 O-O 11. Nxe4 Nxe4 12. Qxe4 Re8 13. Be2 d6 14. O-O Nxd5 15. Qxd5 Rxe2 16. c5 Be6 17. Qd3 Rxa2 18. Rxa2 Bxa2 19. cxd6 Be6 20. Be3 a5 21. c4 a4 22. Ra1 a3 23. Rxa3 Rxa3 24. Qxa3 Bxc4 25. Bd4 Be6 26. h4 f6 27. Qb4 h6 28. Bc5 1/2-1/2

[Event "41st Jacques-Lemans-Open 2022"]
[Site "St. Veit/Glan"]
[Date "2022.07.15"]
[Round "8.7"]
[White "Hresc, Vladimir"]
[Black "Schwab, Rene"]
[Result "1-0"]
[ECO "B12"]
[WhiteElo "2308"]
[BlackElo "2124"]
[Annotator "ChessBase"]
[PlyCount "103"]
[EventDate "2022.07.09"]
[EventType "swiss"]
[EventCountry "AUT"]
[SourceTitle "playchess.com"]
[Source "ChessBase"]
[SourceQuality "1"]
[TimeControl "40/5400+30:1800+30"]

1. e4 c6 2. d4 d5 3. e5 Na6 4. Nc3 Nc7 5. Bd3 g6 6. Qf3 Nh6 7. h3 Nf5 8. Nce2 Nh4 9. Qg3 Nf5 10. Qh2 h5 11. Nf3 Ne6 12. c3 Neg7 13. Bd2 a5 14. a4 b6 15. Nf4 e6 16. Qg1 Ba6 17. Qf1 Bxd3 18. Qxd3 Be7 19. O-O-O Kd7 20. g4 Nh4 21. Nxh4 Bxh4 22. Qf3 Qe7 23. Nd3 Bg5 24. Bxg5 Qxg5+ 25. Kc2 Qe7 26. Qf6 Rh7 27. Rhg1 hxg4 28. hxg4 Rah8 29. b4 Qxf6 30. exf6 Ne8 31. bxa5 bxa5 32. Ne5+ Kc7 33. g5 Nd6 34. f3 Rh3 35. Rd2 R8h7 36. Kd3 c5 37. dxc5 Ne4 38. Rb2 Nxc5+ 39. Kd4 Nxa4 40. Ra2 R3h4+ 41. Rg4 Nb6 42. Rxa5 Nc4 43. Nxc4 Rxg4+ 44. fxg4 dxc4 45. Kc5 Rh4 46. Ra7+ Kb8 47. Rxf7 Rxg4 48. Re7 Rxg5+ 49. Kb6 Kc8 50. f7 Rf5 51. Kc6 Kd8 52. Re8# 1-0

[Event "41st Jacques-Lemans-Open 2022"]
[Site "St. Veit/Glan"]
[Date "2022.07.15"]
[Round "8.8"]
[White "Huber, Benedikt"]
[Black "Frank, Emanuel"]
[Result "1/2-1/2"]
[ECO "D30"]
[WhiteElo "2289"]
[BlackElo "2160"]
[Annotator "ChessBase"]
[PlyCount "76"]
[EventDate "2022.07.09"]
[EventType "swiss"]
[EventCountry "AUT"]
[SourceTitle "playchess.com"]
[Source "ChessBase"]
[SourceQuality "1"]
[TimeControl "40/5400+30:1800+30"]

1. d4 d5 2. c4 e6 3. Nf3 Nf6 4. g3 Bb4+ 5. Nbd2 dxc4 6. Bg2 b5 7. O-O O-O 8. Ne1 c6 9. Nc2 Be7 10. a4 Nd5 11. e4 Nb6 12. d5 Bb7 13. dxe6 fxe6 14. Qg4 e5 15. axb5 Bc8 16. Qh5 Qc7 17. bxc6 Nxc6 18. Nb1 Be6 19. Be3 Rad8 20. f4 g6 21. Qe2 Nd4 22. Qf2 Bc5 23. Nc3 Nxc2 24. Bxc5 Nxa1 25. Bxf8 Rxf8 26. Rxa1 exf4 27. gxf4 Rxf4 28. Qg3 Nc8 29. e5 Rg4 30. Qf3 Rg5 31. Ne4 Qb6+ 32. Kh1 Rf5 33. Qc3 Kg7 34. Rd1 Qc7 35. Bh3 Qc6 36. Bg2 Qc7 37. Rd6 Qf7 38. Rd1 Qc7 1/2-1/2

[Event "41st Jacques-Lemans-Open 2022"]
[Site "St. Veit/Glan"]
[Date "2022.07.15"]
[Round "8.9"]
[White "Manhardt, Thomas"]
[Black "Sandhoefner, Florian"]
[Result "0-1"]
[ECO "A01"]
[WhiteElo "2227"]
[BlackElo "2289"]
[Annotator "ChessBase"]
[PlyCount "76"]
[EventDate "2022.07.09"]
[EventType "swiss"]
[EventCountry "AUT"]
[SourceTitle "playchess.com"]
[Source "ChessBase"]
[SourceQuality "1"]
[TimeControl "40/5400+30:1800+30"]

1. b3 d5 2. Bb2 Bf5 3. e3 e6 4. f4 Nf6 5. Nf3 h6 6. g3 Be7 7. Bg2 O-O 8. d3 c5 9. Nbd2 Nc6 10. a3 a5 11. h3 a4 12. Qe2 axb3 13. cxb3 Bh7 14. O-O Qb6 15. Rfe1 Rfd8 16. Ne5 Nxe5 17. fxe5 Nd7 18. Kh2 Qc7 19. Nf3 b5 20. Rec1 Qb8 21. a4 bxa4 22. bxa4 Qa7 23. a5 Qa6 24. Bf1 Rdb8 25. Bc3 Bd8 26. Rcb1 Rxb1 27. Rxb1 c4 28. Ne1 Nc5 29. e4 cxd3 30. Qe3 Nxe4 31. Bxd3 Qc8 32. Bxe4 Bxe4 33. Ra1 Bg5 34. Qd4 Qa6 35. Ra2 Rc8 36. Ng2 Be7 37. Bd2 Qe2 38. Qg1 Bb4 0-1

[Event "41st Jacques-Lemans-Open 2022"]
[Site "St. Veit/Glan"]
[Date "2022.07.15"]
[Round "8.10"]
[White "Besner, Bernhard"]
[Black "Rogic, Davor"]
[Result "0-1"]
[ECO "C54"]
[WhiteElo "2164"]
[BlackElo "2474"]
[Annotator "ChessBase"]
[PlyCount "38"]
[EventDate "2022.07.09"]
[EventType "swiss"]
[EventCountry "AUT"]
[SourceTitle "playchess.com"]
[Source "ChessBase"]
[SourceQuality "1"]
[TimeControl "40/5400+30:1800+30"]

1. e4 e5 2. Nf3 Nc6 3. Bc4 Bc5 4. c3 Nf6 5. d4 exd4 6. O-O Nxe4 7. cxd4 d5 8. dxc5 dxc4 9. Qe2 Qd3 10. Re1 f5 11. Nc3 O-O 12. Nxe4 fxe4 13. Qxe4 Bf5 14. Qh4 Rae8 15. Bf4 Be4 16. Rad1 Bxf3 17. gxf3 Rxe1+ 18. Rxe1 Nd4 19. Re3 Qxe3 0-1

[Event "41st Jacques-Lemans-Open 2022"]
[Site "St. Veit/Glan"]
[Date "2022.07.15"]
[Round "8.11"]
[White "Hoffmann, Sebastian"]
[Black "Dotzer, Lukas"]
[Result "1-0"]
[ECO "E32"]
[WhiteElo "2148"]
[BlackElo "2269"]
[Annotator "ChessBase"]
[PlyCount "85"]
[EventDate "2022.07.09"]
[EventType "swiss"]
[EventCountry "AUT"]
[SourceTitle "playchess.com"]
[Source "ChessBase"]
[SourceQuality "1"]
[TimeControl "40/5400+30:1800+30"]

1. d4 Nf6 2. c4 e6 3. Nc3 Bb4 4. Qc2 O-O 5. a3 Bxc3+ 6. Qxc3 Ne4 7. Qc2 f5 8. g3 b6 9. Bg2 Bb7 10. Nf3 Nc6 11. O-O Qf6 12. e3 d6 13. b4 a5 14. Nd2 Nxd2 15. Bxd2 Nd8 16. bxa5 Bxg2 17. Kxg2 bxa5 18. Rab1 g5 19. Rb5 a4 20. Qc3 c6 21. Ra5 Rxa5 22. Qxa5 f4 23. exf4 Qxd4 24. Bc3 Qe4+ 25. f3 Qc2+ 26. Rf2 Qf5 27. Qxf5 Rxf5 28. fxg5 Nf7 29. h4 Rc5 30. Rb2 e5 31. Rb8+ Kg7 32. Rb4 Kg6 33. g4 d5 34. Rxa4 d4 35. Bb4 Rxc4 36. h5+ Kg7 37. Bf8+ Kxf8 38. Rxc4 d3 39. Kf2 Nxg5 40. Rxc6 e4 41. fxe4 Nxe4+ 42. Ke3 d2 43. Kxe4 1-0

[Event "41st Jacques-Lemans-Open 2022"]
[Site "St. Veit/Glan"]
[Date "2022.07.15"]
[Round "8.12"]
[White "Caruso, Augusto"]
[Black "Bethke, Robert"]
[Result "1-0"]
[ECO "C55"]
[WhiteElo "2132"]
[BlackElo "2070"]
[Annotator "ChessBase"]
[PlyCount "103"]
[EventDate "2022.07.09"]
[EventType "swiss"]
[EventCountry "AUT"]
[SourceTitle "playchess.com"]
[Source "ChessBase"]
[SourceQuality "1"]
[TimeControl "40/5400+30:1800+30"]

1. e4 e5 2. Bc4 Nf6 3. d4 exd4 4. Nf3 Nc6 5. e5 d5 6. Bb5 Ne4 7. Nxd4 Bd7 8. Bxc6 bxc6 9. Be3 Be7 10. O-O c5 11. Nb3 d4 12. Bc1 O-O 13. Qe2 Bc6 14. Na5 Bd5 15. f3 Ng5 16. c4 dxc3 17. Nxc3 c6 18. Nxd5 cxd5 19. Nc6 Qd7 20. Nxe7+ Qxe7 21. Qd2 Ne6 22. Qxd5 Rfd8 23. Qe4 Rab8 24. Rb1 Qd7 25. Be3 Qd3 26. Qxd3 Rxd3 27. Kf2 a5 28. b3 g5 29. Rfd1 Rxd1 30. Rxd1 a4 31. Rd3 axb3 32. axb3 Kg7 33. Rc3 Kg6 34. g4 h5 35. h3 hxg4 36. hxg4 f6 37. Bxc5 Nxc5 38. Rxc5 fxe5 39. Rc3 Kf6 40. Ke3 Ke6 41. Kd3 Rb4 42. Kc2 e4 43. Re3 Ke5 44. Rxe4+ Rxe4 45. fxe4 Kxe4 46. Kc3 Kf4 47. b4 Kxg4 48. b5 Kf3 49. b6 g4 50. b7 g3 51. b8=Q g2 52. Qb6 1-0

[Event "41st Jacques-Lemans-Open 2022"]
[Site "St. Veit/Glan"]
[Date "2022.07.15"]
[Round "8.13"]
[White "Hofstadler, Mario"]
[Black "Lerch, Johannes"]
[Result "0-1"]
[ECO "E04"]
[WhiteElo "2123"]
[BlackElo "2222"]
[Annotator "ChessBase"]
[PlyCount "38"]
[EventDate "2022.07.09"]
[EventType "swiss"]
[EventCountry "AUT"]
[SourceTitle "playchess.com"]
[Source "ChessBase"]
[SourceQuality "1"]
[TimeControl "40/5400+30:1800+30"]

1. d4 Nf6 2. c4 e6 3. g3 d5 4. Nf3 dxc4 5. Bg2 a6 6. O-O Nc6 7. a4 Rb8 8. Re1 Be7 9. e4 O-O 10. h4 b5 11. axb5 axb5 12. e5 Nd5 13. Ng5 h6 14. Nh3 f5 15. Nc3 Ncb4 16. Bxd5 Nxd5 17. Nf4 Nxf4 18. Bxf4 b4 19. Na4 Qd5 0-1

[Event "41st Jacques-Lemans-Open 2022"]
[Site "St. Veit/Glan"]
[Date "2022.07.15"]
[Round "8.14"]
[White "Ofner, Maximilian"]
[Black "Hinteregger, Arthur"]
[Result "1-0"]
[ECO "C02"]
[WhiteElo "2194"]
[BlackElo "1993"]
[Annotator "ChessBase"]
[PlyCount "95"]
[EventDate "2022.07.09"]
[EventType "swiss"]
[EventCountry "AUT"]
[SourceTitle "playchess.com"]
[Source "ChessBase"]
[SourceQuality "1"]
[TimeControl "40/5400+30:1800+30"]

1. e4 e6 2. d4 d5 3. e5 c5 4. c3 Nc6 5. Nf3 Qb6 6. a3 c4 7. Nbd2 Na5 8. Be2 Bd7 9. O-O Ne7 10. Re1 h6 11. h4 Qc7 12. Rb1 Nc8 13. Nf1 Nb6 14. Bf4 Ba4 15. Qd2 Nb3 16. Qe3 Na5 17. Bd1 Bb3 18. N3d2 Bxd1 19. Rexd1 O-O-O 20. Bh2 Be7 21. h5 Rdg8 22. f4 g6 23. hxg6 fxg6 24. Qh3 Qd7 25. Ne3 Bd8 26. b3 Be7 27. bxc4 Naxc4 28. Ndxc4 Nxc4 29. Nxc4 dxc4 30. d5 exd5 31. Qxd7+ Kxd7 32. Rxb7+ Ke6 33. a4 Rb8 34. Rdb1 Rxb7 35. Rxb7 Rd8 36. g4 Bc5+ 37. Kg2 h5 38. Rc7 Bb6 39. Rc6+ Kf7 40. gxh5 gxh5 41. f5 d4 42. cxd4 Rxd4 43. Kf3 Ke7 44. Bf4 Kd7 45. Rh6 c3 46. e6+ Kc6 47. e7+ Kd7 48. Re6 1-0

[Event "41st Jacques-Lemans-Open 2022"]
[Site "St. Veit/Glan"]
[Date "2022.07.15"]
[Round "8.15"]
[White "Raeke, Philipp"]
[Black "Miazhynski, Yuri"]
[Result "1/2-1/2"]
[ECO "A44"]
[WhiteElo "1908"]
[BlackElo "2166"]
[Annotator "ChessBase"]
[PlyCount "29"]
[EventDate "2022.07.09"]
[EventType "swiss"]
[EventCountry "AUT"]
[SourceTitle "playchess.com"]
[Source "ChessBase"]
[SourceQuality "1"]
[TimeControl "40/5400+30:1800+30"]

1. d4 c5 2. d5 e5 3. Nc3 d6 4. e4 Be7 5. Nf3 Nf6 6. Be2 Na6 7. O-O Nc7 8. Nd2 Rb8 9. a4 b6 10. Nc4 Ba6 11. f4 Bxc4 12. Bxc4 exf4 13. Bxf4 O-O 14. Qe2 Nce8 15. h3 1/2-1/2

[Event "41st Jacques-Lemans-Open 2022"]
[Site "St. Veit/Glan"]
[Date "2022.07.15"]
[Round "8.16"]
[White "Ebner, Johann"]
[Black "Kruckenhauser, Arthur"]
[Result "0-1"]
[ECO "D31"]
[WhiteElo "1907"]
[BlackElo "2303"]
[Annotator "ChessBase"]
[PlyCount "94"]
[EventDate "2022.07.09"]
[EventType "swiss"]
[EventCountry "AUT"]
[SourceTitle "playchess.com"]
[Source "ChessBase"]
[SourceQuality "1"]
[TimeControl "40/5400+30:1800+30"]

1. d4 d5 2. c4 e6 3. Nc3 c6 4. cxd5 exd5 5. Nf3 Bf5 6. Bf4 Qb6 7. Na4 Qa5+ 8. Bd2 Qc7 9. g3 Nf6 10. Bg2 Bd6 11. O-O O-O 12. Qc1 Re8 13. Re1 Nbd7 14. Bf4 Bg6 15. Nc3 Bxf4 16. gxf4 Qd6 17. Ne5 Bf5 18. e3 h6 19. a3 a5 20. Qd1 Ra7 21. Rc1 Qe6 22. Na4 Ne4 23. Nxd7 Qxd7 24. Nc5 Nxc5 25. Rxc5 Re6 26. Kh1 Rg6 27. Bf3 Qd8 28. Rg1 Qh4 29. Rxg6 Bxg6 30. Qe1 Bf5 31. Kg1 Qd8 32. Qc1 g6 33. Kh1 Kg7 34. Qc3 h5 35. e4 Bxe4 36. Bxe4 dxe4 37. d5+ Qf6 38. dxc6 bxc6 39. Re5 Rb7 40. Kg2 Rb5 41. a4 Rd5 42. Rxe4 Qxc3 43. bxc3 Kf6 44. Rc4 c5 45. Kg3 Ke6 46. f3 f5 47. Kh4 Kd6 0-1

[Event "41st Jacques-Lemans-Open 2022"]
[Site "St. Veit/Glan"]
[Date "2022.07.15"]
[Round "8.17"]
[White "Wendl, Philipp"]
[Black "Bauer, Sebastian"]
[Result "1-0"]
[ECO "C54"]
[WhiteElo "2097"]
[BlackElo "2380"]
[Annotator "ChessBase"]
[PlyCount "93"]
[EventDate "2022.07.09"]
[EventType "swiss"]
[EventCountry "AUT"]
[SourceTitle "playchess.com"]
[Source "ChessBase"]
[SourceQuality "1"]
[TimeControl "40/5400+30:1800+30"]

1. e4 e5 2. Nf3 Nc6 3. Bc4 Bc5 4. c3 Nf6 5. d4 exd4 6. cxd4 Bb4+ 7. Nc3 Nxe4 8. O-O Bxc3 9. d5 Bf6 10. Re1 Ne7 11. Rxe4 d6 12. Rf4 O-O 13. Rxf6 gxf6 14. Qd4 Ng6 15. Bh6 Bd7 16. Bxf8 Qxf8 17. Qxf6 Re8 18. Rc1 Qh6 19. Ng5 Qg7 20. Qxg7+ Kxg7 21. Bf1 c5 22. dxc6 Bxc6 23. Nh3 f5 24. f3 Kf6 25. Rd1 d5 26. Nf2 Ne5 27. b3 Rg8 28. Be2 Ng6 29. Nd3 Bb5 30. Kf2 Bxd3 31. Bxd3 Rc8 32. Bb1 Rd8 33. g3 Ne5 34. Rd4 Nf7 35. Rf4 Nd6 36. Bxf5 Nxf5 37. g4 Ke6 38. Rxf5 Rc8 39. Rh5 d4 40. Ke2 Rc2+ 41. Kd3 Rxa2 42. Rxh7 b5 43. Kxd4 a5 44. Rb7 b4 45. Rb6+ Kf7 46. Ra6 Rxh2 47. Rxa5 1-0

[Event "41st Jacques-Lemans-Open 2022"]
[Site "St. Veit/Glan"]
[Date "2022.07.15"]
[Round "8.18"]
[White "Novosel, Lovro"]
[Black "Holzmann, Herbert"]
[Result "1-0"]
[ECO "A50"]
[WhiteElo "2255"]
[BlackElo "1979"]
[Annotator "ChessBase"]
[PlyCount "67"]
[EventDate "2022.07.09"]
[EventType "swiss"]
[EventCountry "AUT"]
[SourceTitle "playchess.com"]
[Source "ChessBase"]
[SourceQuality "1"]
[TimeControl "40/5400+30:1800+30"]

1. d4 Nf6 2. c4 c6 3. Nf3 d6 4. g3 Nbd7 5. Nc3 Qb6 6. Bg2 g6 7. O-O Bg7 8. e4 O-O 9. h3 e5 10. c5 dxc5 11. dxe5 Ne8 12. e6 fxe6 13. Ng5 Ne5 14. f4 c4+ 15. Kh2 Nd3 16. e5 Nxb2 17. Qe2 Nd3 18. Be3 Qa5 19. Nce4 b6 20. h4 Bd7 21. h5 Bh6 22. hxg6 hxg6 23. Qg4 Bxg5 24. Nxg5 Kg7 25. Nxe6+ Bxe6 26. Qxe6 Nc7 27. Qxc6 Rf7 28. Be4 Rh8+ 29. Kg2 Qc3 30. Qxg6+ Kf8 31. Rad1 Rg8 32. Qd6+ Kg7 33. Bxd3 cxd3 34. f5 1-0